 Dungeon Crawl Stone Soup version 0.23.2-11-gf996548c65 (webtiles) character file.

Game seed: 17717668351331595522

131 cab the Digger (level 5, -3/28 HPs)
             Began as a Gargoyle Earth Elementalist on June 4, 2019.
             Slain by a hobgoblin
             ... wielding a +0 club
              (4 damage)
             ... on level 3 of the Dungeon.
             The game lasted 00:09:51 (2505 turns).

cab the Digger (Gargoyle Earth Elementalist)        Turns: 2505, Time: 00:09:52

Health: -3/28      AC:  7    Str: 11    XL:     5   Next: 14%
Magic:  1/8        EV: 11    Int: 17    God:
Gold:   116        SH:  0    Dex: 10    Spells: 4/8 levels left

rFire    . . .     SeeInvis .   e - +1 club
rCold    . . .     Gourm    .   (no shield)
rNeg     + . .     Faith    .   j - +0 leather armour
rPois    ∞         Spirit   .   (no helmet)
rElec    +         Reflect  .   (no cloak)
rCorr    .         Harm     .   (no gloves)
MR       .....                  (no boots)
Stlth    ++........             (no amulet)
HPRegen  0.09/turn              (no ring)
MPRegen  0.11/turn              (no ring)

@: no status effects
A: negative energy resistance 1, electricity resistance, unbreathing,
petrification resistance, rot immunity, AC +4
a: no special abilities


You were on level 3 of the Dungeon.
You were not hungry.

You visited 1 branch of the dungeon, and saw 3 of its levels.

You collected 116 gold pieces.

Inventory:

Hand Weapons
 e - a +1 club (weapon)
 h - a +0 mace
Missiles
 b - 67 stones (quivered)
 g - 57 sling bullets
Armour
 c - a +0 robe
 j - a +0 leather armour (worn)
 l - a +2 hat
Scrolls
 a - a scroll of magic mapping
Potions
 f - a potion of lignification {unknown}
 i - 2 potions of brilliance
Comestibles
 d - 2 rations


   Skills:
 + Level 1.7 Armour
 - Level 1.5 Dodging
 - Level 2.1 Stealth
 - Level 2.0 Spellcasting
 + Level 2.2 Conjurations
   Level 0.7 Transmutations
 + Level 5.8 Earth Magic


You had 4 spell levels left.
You knew the following spells:

 Your Spells              Type           Power        Failure   Level  Hunger
a - Sandblast             Erth           ###...       2%          1    #......
b - Stone Arrow           Conj/Erth      ###...       14%         3    ###....

Your spell library contained the following spells:

 Spells                   Type           Power        Failure   Level  Hunger
 Passwall                 Tmut/Erth      ##......     10%         2    ###....
 Petrify                  Tmut/Erth      ##......     54%         4    #####..
 Lee's Rapid Deconstruct  Erth           ###.......   54%         5    ######.


Dungeon Overview and Level Annotations

Branches:
Dungeon (3/15)

Altars:
Sif Muna

Annotations:
D:3 Grinder


Innate Abilities, Weirdness & Mutations

You are resistant to torment.
Your stone body is resilient. (AC +4)
You are immune to poison.
You resist negative energy. (rN+)
You are resistant to electric shocks. (rElec)
You can survive without breathing.
You are immune to petrification.
You are immune to rotting.


Message History

* * * LOW HITPOINT WARNING * * *
You can move again.
Casting: Sandblast (safe; 2% risk of failure)
Confirm with . or Enter, or press ? or * to list all spells.
Aiming: Sandblast (safe; 2% risk of failure)
Press: ? - help, Shift-Dir - straight line, f/p - Grinder
Aim: Grinder (lightly wounded)
The blast of sand hits Grinder!
Grinder is moderately wounded.
b - 68 stones Grinder hits you but does no damage.
Casting: Sandblast (safe; 2% risk of failure)
Confirm with . or Enter, or press ? or * to list all spells.
Aiming: Sandblast (safe; 2% risk of failure)
Press: ? - help, Shift-Dir - straight line, f/p - Grinder
Aim: Grinder (moderately wounded)
The blast of sand misses Grinder.
b - 67 stones Grinder hits you but does no damage.
The hobgoblin hits you with a +0 club.
You die...

######...#..# #...#
#......#..).# #...#
#.# #...##.# ###'###
#.# ##.###.####.8.8.#
#.#####.##...#.#.._..#
#<......##.....##...##
######).##...#..##.##
........###.##..##.#
######)## #....g@..#
#)# #.##.5#### #.#
#.##..# #.# #.##..#
#.# #. .... #.# ##..#
#.# #..# #.# #..# #.#


You could see Grinder and a hobgoblin.

Vanquished Creatures
  An orc priest (D:3)
  An orc wizard (D:3)
  2 adders (D:2)
  An ooze (D:2)
  2 dart slugs (D:1)
  A leopard gecko (D:1)
  3 orcs (D:3)
  4 bats
  3 giant cockroaches
  8 goblins
  2 hobgoblins
  A quokka (D:2)
  6 frilled lizards
  4 kobolds
  7 rats
46 creatures vanquished.

Notes
Turn   | Place    | Note
-------+----------+-------------------------------------------
     0 | D:1      | cab the Gargoyle Earth Elementalist began the quest for the
                  | Orb.
     0 | D:1      | Reached XP level 1. HP: 10/10 MP: 3/3
    59 | D:1      | Reached skill level 4 in Earth Magic
   188 | D:1      | Reached XP level 2. HP: 15/15 MP: 5/5
   632 | D:1      | Reached XP level 3. HP: 11/19 MP: 6/6
   830 | D:1      | Reached skill level 5 in Earth Magic
   953 | D:1      | Learned a level 3 spell: Stone Arrow
  1500 | D:2      | Reached skill level 1 in Conjurations
  1963 | D:2      | Reached XP level 4. HP: 24/24 MP: 5/7
  2320 | D:3      | Reached skill level 1 in Armour
  2445 | D:3      | Noticed Grinder
  2454 | D:3      | Found a deep blue altar of Sif Muna.
  2467 | D:3      | Reached XP level 5. HP: 26/28 MP: 3/8
  2499 | D:3      | Paralysed by Grinder for 5 turns
  2503 | D:3      | HP: 1/28 [Grinder (4)]
  2505 | D:3      | Slain by a hobgoblin

Skill      XL: |  1  2  3  4 |
---------------+-------------+-----
Earth Magic    | 4 5 |  5.8
Conjurations   | 1 2 |  2.2
Armour         | 1 |  1.7
Dodging        | |  1.5
Stealth        | |  2.1
Spellcasting   | |  2.0
Transmutations | |  0.7

Action                   |  1- 3 |  4- 6 || total
-------------------------+-------+-------++-------
Melee: Unarmed           |    22 |       ||    22
       Club              |    63 |    26 ||    89
       Mace              |    51 |       ||    51
 Cast: Sandblast         |    24 |    16 ||    40
       Stone Arrow       |     1 |     1 ||     2
  Use: Scroll            |     5 |       ||     5
 Stab: Sleeping          |     1 |       ||     1
  Eat: Chunk             |     3 |     3 ||     6
Armor: Robe              |    43 |       ||    43
       Leather armour    |     9 |    18 ||    27
Dodge: Dodged            |    99 |    15 ||   114
